 Dungeon Crawl Stone Soup version 0.27.1-33-g824d729ab1 (webtiles) character file.

Game seed: 12213537513000452795

1705 halfoni the Chopper (level 9, -5/66 HPs)
             Began as a Human Berserker on Dec 18, 2021.
             Was a Priest of Trog.
             Killed from afar by an acid dragon (10 damage)
             ... with a splash of acid
             ... on level 7 of the Dungeon.
             The game lasted 00:12:43 (9469 turns).

halfoni the Chopper (Human Berserker)               Turns: 9469, Time: 00:12:43

Health: -5/66      AC:  7    Str: 20    XL:     9   Next: 23%
Magic:  9/9        EV: 14    Int:  8    God:    Trog [***...]
Gold:   253        SH:  9    Dex: 13    Spells: 8/8 levels left

rFire    . . .     SeeInvis .   a - +0 hand axe
rCold    . . .     Faith    .   c - +0 kite shield
rNeg     + . .     Spirit   .   d - +0 ring mail
rPois    .         Reflect  .   (no helmet)
rElec    .         Harm     .   m - +0 cloak
rCorr    .         Rampage  .   (no gloves)
Will     .....                  (no boots)
Stlth    +.........             (no amulet)
HPRegen  0.21/turn              l - ring of positive energy
MPRegen  0.11/turn              t - +4 ring of evasion

@: on berserk cooldown
A: no striking features
a: Renounce Religion, Berserk, Trog's Hand


You were on level 7 of the Dungeon.
You worshipped Trog.
Trog was most pleased with you.
You visited 1 branch of the dungeon, and saw 7 of its levels.

You collected 313 gold pieces.
You spent 60 gold pieces at shops.

Inventory:

Hand Weapons
 a - a +0 hand axe (weapon)
 b - a +0 mace of protection
Armour
 c - a +0 kite shield (worn)
 d - a +0 ring mail (worn)
 m - a +0 cloak (worn)
Magical Staves
 z - a staff of air
Jewellery
 l - a ring of positive energy (left hand)
 r - a +6 ring of intelligence
 t - a +4 ring of evasion (right hand)
 y - a +6 ring of intelligence
Wands
 k - a wand of polymorph (10)
 v - a wand of paralysis (8)
Scrolls
 e - 4 scrolls of identify
 f - 4 scrolls of teleportation
 i - a scroll of blinking
 s - a scroll of enchant weapon {unknown}
 x - a scroll of magic mapping {unknown}
Potions
 g - a potion of magic {unknown}
 h - 2 potions of haste
 j - 2 potions of might
 n - a potion of attraction {unknown}
 o - a potion of mutation {unknown}
 p - a potion of lignification
 q - 6 potions of curing
 u - a potion of heal wounds {unknown}
 w - a potion of resistance {unknown}


   Skills:
 + Level 4.4 Fighting
 * Level 7.6 Axes
 + Level 5.4 Armour
 + Level 4.6 Dodging
 + Level 4.3 Shields


You had 8 spell levels left.
You didn't know any spells.
Your spell library was empty.

Dungeon Overview and Level Annotations

Branches:
Dungeon (7/15)             Temple (0/1) D:6

Altars:

Shops:
D:4 ?


Message History

The orc priest closely misses you. The orc hits you but does no damage.
You closely miss the orc priest.
The orc priest is lightly wounded.
You barely miss the orc. The orc priest hits you with a +0 whip.
* * * LOW HITPOINT WARNING * * *
The orc closely misses you.
An orc wizard comes into view. It is wielding a +0 dagger.
The orc wizard shouts!
You hit the orc priest.
The orc priest is moderately wounded.
You hit the orc.
You hear a shout!
You hear a croak.
You block the orc priest's attack. The orc barely misses you.
An orc comes into view. It is wielding a +0 hand axe.
The orc priest closely misses you. You block the orc's attack.
The orc priest calls down the wrath of Beogh upon you.
Beogh smites you!
* * * LOW HITPOINT WARNING * * *
You feel yourself speed up.
The orc priest calls upon Beogh to heal the orc.
The orc's wounds heal themselves!
The orc wizard gestures at you while chanting.
You are confused.
The orc priest misses you. The orc wizard casts a spell at you.
The magic dart hits you but does no damage.
You're still recovering from your berserk rage.
You barely miss the orc wizard.
You hit the orc priest but do no damage.
You miss the orc.
The orc priest begins to cast a cantrip, but forgets the words!
The orc hits you with a +0 club.
* * * LOW HITPOINT WARNING * * *
An acid dragon comes into view.
You feel less confused.
The acid dragon roars!
The acid dragon spits acid at you. The splash of acid hits you!
You die...

... .# .... .D
o. .. ...##. ..
... ###..#.###
.##...
#......#.##
.#...
..........##
...
........o..##.#
#......@oo..).#
.......o...†.##
...........###
..........##
..|.#......
..###.#....# .
#.......#
....?....#
#.........


You could see an acid dragon (catching breath), an orc priest, an orc wizard and
2 orcs.

Vanquished Creatures
  The ghost of Fractals the Skirmisher, an amateur DrWn (D:5)
  2 water moccasins
  2 necrophages (D:6)
  An ogre (D:6)
  2 phantoms
  2 bullfrogs (D:6)
  A wyvern zombie (D:7)
  3 scorpions
  A water moccasin zombie (D:5)
  3 centaur zombies
  A bullfrog zombie (D:6)
  A hound (D:6)
  Crazy Yiuf (D:2)
  A bullfrog skeleton (D:6)
  2 iguanas
  An orc wizard (D:6)
  2 gnolls
  A howler monkey skeleton (D:7)
  4 adders
  A white imp (D:6)
  2 ufetubi
  3 worms
  A dart slug (D:3)
  13 orcs
  6 ball pythons
  2 bats (D:3)
  8 endoplasms
  8 giant cockroaches
  7 goblins
  3 hobgoblins
  2 jackals (D:3)
  4 kobolds
  4 quokkas
  3 frilled lizards (D:3)
  A quokka skeleton (D:4)
  4 rats
104 creatures vanquished.

Vanquished Creatures (others)
  2 plants (D:2)
2 creatures vanquished.

Grand Total: 106 creatures vanquished

Notes
Turn   | Place    | Note
-------+----------+-------------------------------------------
     0 | D:1      | halfoni the Human Berserker began the quest for the Orb.
     0 | D:1      | Reached XP level 1. HP: 18/18 MP: 1/1
   243 | D:1      | Reached XP level 2. HP: 24/24 MP: 2/2
   638 | D:1      | Found a faded altar of an unknown god.
   822 | D:1      | Reached XP level 3. HP: 26/29 MP: 3/3
  1363 | D:2      | Found a runed translucent door.
  1364 | D:2      | Noticed Crazy Yiuf
  1443 | D:2      | Reached skill level 1 in Shields
  1706 | D:2      | Reached XP level 4. HP: 34/35 MP: 4/4
  2895 | D:2      | Killed Crazy Yiuf
  3127 | D:3      | Noticed a scorpion
  3134 | D:3      | Killed a scorpion
  3135 | D:3      | Reached XP level 5. HP: 41/41 MP: 5/5
  3543 | D:3      | Reached ** piety under Trog
  4222 | D:4      | Reached XP level 6. HP: 47/47 MP: 6/6
  4257 | D:4      | Reached skill level 4 in Axes
  5043 | D:4      | Found Utuevvi's Magic Scroll Emporium.
  5074 | D:4      | Bought a scroll of teleportation for 30 gold pieces
  5074 | D:4      | Bought a scroll of teleportation for 30 gold pieces
  5509 | D:5      | Entered Level 5 of the Dungeon
  5534 | D:5      | Found a runed translucent door.
  5740 | D:5      | Reached XP level 7. HP: 51/53 MP: 7/7
  6150 | D:5      | Noticed Fractals's ghost (amateur DrWn)
  6457 | D:5      | Killed Fractals's ghost
  6458 | D:5      | Reached skill level 5 in Axes
  6572 | D:6      | Reached XP level 8. HP: 60/60 MP: 8/8
  7794 | D:6      | Reached skill level 6 in Axes
  7986 | D:6      | Found a staircase to the Ecumenical Temple.
  7993 | D:6      | Reached skill level 5 in Armour
  8340 | D:6      | Reached *** piety under Trog
  8519 | D:6      | Reached skill level 7 in Axes
  8519 | D:6      | Reached XP level 9. HP: 63/65 MP: 9/9
  9469 | D:7      | Killed from afar by an acid dragon

Illustrated notes

Levels and vault maps discovered:
D:1:      amcnicky_arrival_choice, layout_loops_ring,
          dreamdust_ecumenical_altar_grove, minmay_pentomino_t2
D:2:      layout_basic, serial_forest, infiniplex_forest_lined_3_way,
          infiniplex_forest_lined_3, infiniplex_forest_lined_3_way,
          infiniplex_forest_end_2, infiniplex_forest_end_3,
          infiniplex_forest_clump_curved, uniq_crazy_yiuf_cottage
D:3:      layout_basic
D:4:      layout_cave_pods, serial_shops, shop_scrolls
D:5:      layout_rooms, ebering_ghost_reflecting_pool, hangedman_decor_opposing
D:6:      layout_loops_ring, minmay_temple_entry_large_hall
D:7:      layout_cave_pools

Skill      XL: |  1  2  3  4  5  6  7  8 |
---------------+-------------------------+-----
Shields        | 1 2 3 4 |  4.3
Armour         | 3 4 5 |  5.4
Axes           | 4 5 7 |  7.6
Dodging        | 3 4 |  4.6
Fighting       | 4 |  4.4

Action                   |  1- 3 |  4- 6 |  7- 9 || total
-------------------------+-------+-------+-------++-------
Melee: Hand axe          |    66 |   224 |   229 ||   519
Invok: Berserk           |     2 |     7 |    13 ||    22
  Use: Scroll            |       |    11 |     1 ||    12
Armor: Ring mail         |    22 |    74 |    57 ||   153
Dodge: Dodged            |    33 |   146 |   141 ||   320
Block: Kite shield       |    27 |   136 |   112 ||   275
